 Dungeon Crawl Stone Soup version 0.31-a0-196-g86fe4a5e66 (webtiles) character file.

Game seed: 1752532021111534945

114 gelatine the Trooper (level 4, 0/35 HPs)
             Began as a Demonspawn Fighter on June 25, 2023.
             Slain by Grinder (2 damage)
             ... on level 3 of the Dungeon.
             The game lasted 00:04:39 (2131 turns).

gelatine the Trooper (Demonspawn Fighter)           Turns: 2131, Time: 00:04:40

Health: 0/35       AC:  7    Str: 19    XL:     4   Next: 66%
Magic:  4/4        EV:  9    Int:  9    God:
Gold:   118        SH:  4    Dex: 12    Spells: 3/3 levels left

rFire   . . .        a - +0 war axe
rCold   . . .        c - +0 buckler
rNeg    . . .        b - +0 scale mail
rPois   .            (no helmet)
rElec   .            (no cloak)
rCorr   .            (no gloves)
SInv    .            (no boots)
Will    .....        (no amulet) Stlth
                     (no ring)
HPRegen 0.25/turn    (no ring)
MPRegen 0.09/turn

%: no passive effects
@: mighty
A: spiny 1, sharp scales 1, demonic touch 1
a: no special abilities


You were on level 3 of the Dungeon.
You visited 1 branch of the dungeon, and saw 3 of its levels.

You collected 118 gold pieces.

Inventory:

Hand Weapons
 a - a +0 war axe (weapon)
Armour
 b - a +0 scale mail (worn)
 c - a +0 buckler (worn)
Wands
 m - a wand of digging (3)
Scrolls
 f - a scroll of amnesia {unknown}
 g - 3 scrolls of identify {unknown}
 h - a scroll of enchant weapon {unknown}
 i - a scroll of teleportation {unknown}
 j - a scroll of fog {unknown}
Potions
 e - a potion of cancellation {unknown}
 k - a potion of haste {unknown}
 l - a potion of mutation {unknown}


   Skills:
 * Level 3.3 Fighting
 * Level 3.0 Axes
 * Level 3.2 Armour
 * Level 0.6 Dodging
 * Level 3.3 Shields


You had 3 spell levels left.
You didn't know any spells.
Your spell library contained the following spells:

 Spells                   Type           Power      Damage    Failure   Level
 Magic Dart               Conj           0%         1d3       83%         1
 Searing Ray              Conj           0%         2d4       92%         2
 Fulminant Prism          Conj/Hex       0%         3d5       100%        4


Dungeon Overview and Level Annotations

Branches:
Dungeon (3/15)

Altars:

Annotations:
D:3 Grinder


Innate Abilities, Weirdness & Mutations

You are partially covered in sharp spines.
You are partially covered in razor-sharp scales. (AC +1, Slay +1)
Your touch may inflict minor irresistible damage on your foes.


Message History

Ijyb closely misses you.
You slash Ijyb!
You kill Ijyb!
Your Axes skill increases to level 3!
m - a wand of digging (3)
Things that are here:
a +0 club; a +0 leather armour; the goblin corpse of Ijyb HP restored.
Done exploring.
There is a stone staircase leading down here.
You climb downwards.
Level annotation: Grinder The kobold is struck by your spines.
You kill the kobold!
There is a stone staircase leading up here.
Grinder hits you but does no damage.
You hit Grinder.
Grinder is lightly wounded.
Grinder barely misses you.
You slash Grinder!
Grinder is moderately wounded.
Grinder is struck by your spines. Grinder hits you!
You writhe in agony.
Grinder is struck by your spines. Grinder closely misses you.
You hit Grinder but do no damage.
Grinder is heavily wounded.
Grinder hits you.
You writhe in agony.
You closely miss Grinder.
Grinder is heavily wounded.
Grinder hits you!
* * * LOW HITPOINT WARNING * * *
You writhe in agony.
* * * LOW HITPOINT WARNING * * *
You hit Grinder.
Grinder is heavily wounded.
Grinder says, "There's only one good use for a tongue: cutting it out."
You block Grinder's attack. Grinder is struck by your spines.
Grinder hits you but does no damage.
You feel very mighty all of a sudden. Grinder is struck by your spines.
Grinder hits you.
You die...

..###+##
###.......##
##..........
#........#.####
#.#.#..........
#...........#
#.#.#.......##
#....?.@5....#
##..)..........
#....<.....#.#.
#......###.!...
#...##.# .#.#.
#..... ..# ....
#.... ... .##
#.... ..... .#
#... ..###


You could see Grinder.

Vanquished Creatures
  Ijyb (D:2)
  2 adders (D:2)
  A worm (D:2)
  3 dart slugs
  8 bats
  2 endoplasms
  A giant cockroach (D:1)
  5 goblins (D:1)
  8 hobgoblins
  A jackal (D:1)
  12 kobolds
  2 quokkas (D:1)
  3 ball pythons
  6 frilled lizards
  3 rats (D:2)
58 creatures vanquished.

Notes
Turn   | Place    | Note
-------+----------+-------------------------------------------
     0 | D:1      | gelatine the Demonspawn Fighter began the quest for the
                  | Orb.
     0 | D:1      | Reached XP level 1. HP: 18/18 MP: 1/1
   103 | D:1      | Gained mutation: Your touch may inflict minor irresistible
                  | damage on your foes. [demonic ancestry]
   103 | D:1      | Reached XP level 2. HP: 17/24 MP: 2/2
   368 | D:1      | Gained mutation: You are partially covered in sharp spines.
                  | [demonic ancestry]
   368 | D:1      | Reached XP level 3. HP: 9/29 MP: 3/3
  1241 | D:2      | Gained mutation: You are partially covered in razor-sharp
                  | scales. (AC +1, Slay +1) [demonic ancestry]
  1241 | D:2      | Reached XP level 4. HP: 34/35 MP: 4/4
  2044 | D:3      | Noticed Ijyb
  2044 | D:3      | Noticed Grinder
  2061 | D:2      | Killed Ijyb
  2129 | D:3      | HP: 1/35 [Grinder (3)]
  2131 | D:3      | Slain by Grinder

Illustrated notes

Levels and vault maps discovered:
D:1:      dpeg_arrival_tiny_d, layout_loops_ring, minmay_vboxes
D:2:      layout_loops_corners, kennysheep_donut, minmay_splitting_lines,
          chequers_serial_rivers_room_a, nicolae_hexahallways,
          lexackson_kobold_supper
D:3:      layout_basic, serial_glass, glass_columns_a, glass_columns_a,
          glass_columns_b, glass_columns_b, glass_columns_a, glass_columns_a,
          glass_columns_c, glass_columns_a, minmay_unequal, uniq_ijyb,
          uniq_robin, uniq_grinder, uniq_terence

Skill      XL: |  1  2  3  4 |
---------------+-------------+-----
Shields        | 3 |  3.3
Axes           | 2 3 |  3.0
Armour         | 3 |  3.2
Fighting       | |  3.3
Dodging        | |  0.6

Action                     |  1- 3 |  4- 6 || total
---------------------------+-------+-------++-------
  Melee: War axe           |    94 |   101 ||   195
    Use: Potion            |       |     1 ||     1
 Armour: Scale mail        |    45 |    10 ||    55
  Dodge: Dodged            |    43 |    10 ||    53
  Block: Buckler           |    26 |     8 ||    34

Table legend: (Time is in decaauts)
 A = Elapsed time spent in this place.
 B = Non-inter-level travel time spent in this place.
 C = Inter-level travel time spent in this place.
 D = Time resting spent in this place.
 E = Time spent auto-exploring this place.
 F = Levels seen in this place.
 G = Mean time per level.
                   A        B        C        D        E       F      G
               +--------+--------+--------+--------+--------+-----+--------+
         Total |   2212 |   2059 |    153 |      0 |   1591 |   3 |  737.3 |
       Dungeon |   2212 |   2059 |    153 |      0 |   1591 |   3 |  737.3 |
               +--------+--------+--------+--------+--------+-----+--------+

Top non-repeatable levels by time:
     D:2: 1301 daAuts
     D:1: 893 daAuts
     D:3: 17 daAuts
